 Dungeon Crawl Stone Soup version 0.31-a0-145-g046c7d2549 (webtiles) character file.

Game seed: 17790359637675547199

348 Edyrem the Slasher (level 6, -3/52 HPs)
             Began as a Draconian Reaver on June 6, 2023.
             Slain by Grinder (5 damage)
             ... on level 5 of the Dungeon.
             The game lasted 00:07:55 (3916 turns).

Edyrem the Slasher (Draconian Reaver)               Turns: 3916, Time: 00:07:56

Health: -3/52      AC:  7    Str: 16    XL:     6   Next: 33%
Magic:  9/9        EV: 12    Int: 14    God:
Gold:   180        SH:  0    Dex:  9    Spells: 7/10 levels left

rFire   . . .        b - +1 dagger (elec)
rCold   + + .        (no shield)
rNeg    . . .        (body armour unavailable)
rPois   .            (helmet restricted)
rElec   .            i - +0 cloak
rCorr   .            (no gloves)
SInv    .            (no boots)
Will    .....        u - amulet of magic regeneration
Stlth   +            l - ring of protection from cold
HPRegen 0.28/turn    s - ring of protection from cold
MPRegen 0.51/turn

%: no passive effects
@: attractive
A: AC +6, unfitting armour, cold-blooded
a: no special abilities


You were on level 5 of the Dungeon.
You visited 1 branch of the dungeon, and saw 5 of its levels.

You collected 180 gold pieces.

Inventory:

Hand Weapons
 a - a +0 great sword
 b - a +1 dagger of electrocution (weapon)
 B - a +0 falchion
Missiles
 t - 6 boomerangs (quivered)
 x - 2 javelins
Armour
 i - a +0 cloak (worn)
 q - the orb of Avviwyt {guile, rF+}
   (You found it on level 2 of the Dungeon)

   rF:        It protects you from fire.
Jewellery
 l - a ring of protection from cold (left hand)
 s - a ring of protection from cold (right hand)
 u - an amulet of magic regeneration (around neck)
 C - a +4 ring of slaying
Scrolls
 c - a scroll of fog {unknown}
 e - a scroll of magic mapping {unknown}
 g - a scroll of amnesia {unknown}
 h - 2 scrolls of immolation {unknown}
 j - a scroll of brand weapon {unknown}
 m - 4 scrolls of identify {unknown}
 r - a scroll of fear {unknown}
 w - a scroll of enchant armour {unknown}
 y - a scroll of acquirement {unknown}
Potions
 d - 2 potions of attraction
 f - 2 potions of curing {@q2}
 k - 3 potions of mutation {unknown}
 n - a potion of degeneration {unknown}
 o - 2 potions of lignification {unknown}
 p - a potion of heal wounds {unknown}
 z - a potion of ambrosia {unknown}
 A - a potion of enlightenment {unknown}


   Skills:
 + Level 3.9 Fighting
 * Level 5.2 Long Blades
 + Level 3.2 Dodging
 + Level 2.5 Spellcasting
 + Level 3.4 Conjurations


You had 7 spell levels left.
You knew the following spells:

 Your Spells              Type           Power      Damage    Failure   Level
a - Kiss of Death         Conj/Necr      24%        2d7       12%         1
b - Momentum Strike       Conj/Tloc      12%        3d8       17%         2

Your spell library contained the following spells:

 Spells                   Type           Power      Damage    Failure   Level
 Slow                     Hex            4%         N/A       22%         1
 Ensorcelled Hibernation  Hex/Ice        2%         N/A       34%         2
 Passwall                 Tmut/Erth      0%         N/A       34%         2
 Hailstorm                Conj/Ice       6%         3d4       34%         3
 Confusing Touch          Hex            1%         N/A       56%         3
 Ozocubu's Armour         Ice            1%         N/A       56%         3
 Swiftness                Air            1%         N/A       56%         3
 Vampiric Draining        Necr           1%         2d6       56%         3
 Ozocubu's Refrigeration  Ice            0%         4d7       100%        7


Dungeon Overview and Level Annotations

Branches:
Dungeon (5/15)
 Temple: D:4-7

Altars:
Nemelex Xobeh

Annotations:
D:5 Grinder


Innate Abilities, Weirdness & Mutations

Your plain brown scales are hard. (AC +6)
You cannot fit into any form of body armour.
You are cold-blooded and may be slowed by cold attacks.


Message History

Grinder hits you.
* * * LOW HITPOINT WARNING * * *
You writhe in agony.
* * * LOW HITPOINT WARNING * * *
You barely miss Grinder.
Your tail-slap misses Grinder.
Grinder is heavily wounded.
Grinder closely misses you.
You barely miss Grinder.
You tail-slap Grinder, but do no damage.
Grinder is heavily wounded.
It was a potion of attraction.
You feel attractive to monsters. Grinder hits you but does no damage.
It was a potion of curing.
You feel better. Grinder barely misses you.
You hit Grinder but do no damage. Lightning courses through Grinder!
Grinder is almost dead.
Grinder gestures at you. You resist with significant effort.
You barely miss Grinder.
Grinder is almost dead.
Grinder gestures at you.
You suddenly lose the ability to move!
Grinder hits you but does no damage.
Grinder blinks!
Grinder blinks!
Grinder is attracted toward you. Grinder hits you!
* * * LOW HITPOINT WARNING * * *
You writhe in agony.
* * * LOW HITPOINT WARNING * * *
You can move again.
You barely miss Grinder.
Your tail-slap misses Grinder.
Grinder is almost dead.
Grinder gestures at you.
You barely resist. You hit Grinder.
Grinder is almost dead.
Grinder hits you.
* * * LOW HITPOINT WARNING * * *
You writhe in agony.
You die...

.###.###.........# #.#..#.#
................####.#..#.##
####.###...##..............#
#.......##...# ##....).##
#####...##...####..#####
#.............#
#.####[.####### #.5###
#..@.# ####.# ...5......#
#######(..# #.#.# #.#.#
#####


You could see Grinder.

Vanquished Creatures
  2 scorpions
  A howler monkey (D:4)
  A jelly (D:4)
  An orc wizard (D:4)
  6 adders
  2 worms (D:2)
  A dart slug (D:3)
  3 orcs (D:4)
  9 endoplasms
  2 giant cockroaches
  6 goblins
  6 hobgoblins
  3 jackals (D:5)
  8 kobolds
  5 quokkas
  5 ball pythons
  7 bats
  3 frilled lizards
  4 rats
75 creatures vanquished.

Notes
Turn   | Place    | Note
-------+----------+-------------------------------------------
     0 | D:1      | Edyrem the Draconian Reaver began the quest for the Orb.
     0 | D:1      | Reached XP level 1. HP: 17/17 MP: 3/3
   236 | D:1      | Reached XP level 2. HP: 23/25 MP: 5/5
   242 | D:1      | Learned a level 2 spell: Momentum Strike
   773 | D:2      | Reached XP level 3. HP: 26/30 MP: 6/6
  1084 | D:2      | Reached skill level 4 in Long Blades
  1268 | D:2      | Identified the orb of Avviwyt {guile, rF+}
  1334 | D:2      | Reached XP level 4. HP: 38/38 MP: 7/7
  1415 | D:2      | Noticed a scorpion
  1425 | D:2      | Killed a scorpion
  1437 | D:2      | Reached XP level 5. HP: 43/45 MP: 8/8
  1949 | D:3      | Found a sparkling altar of Nemelex Xobeh.
  3065 | D:4      | Reached skill level 5 in Long Blades
  3065 | D:4      | Reached XP level 6. HP: 51/52 MP: 9/9
  3775 | D:5      | Entered Level 5 of the Dungeon
  3882 | D:5      | Noticed Grinder
  3910 | D:5      | Paralysed by Grinder for 4 turns
  3916 | D:5      | HP: 2/52 [Grinder (1)]
  3916 | D:5      | Slain by Grinder

Illustrated notes

Levels and vault maps discovered:
D:1:      dpeg_arrival_refuge, layout_basic, dreamdust_wishing_well
D:2:      layout_loops_corners, minmay_misc_feat_pillars, nicolae_hexahallways
D:3:      layout_basic, nemelex_altar_shiori
D:4:      layout_basic
D:5:      layout_basic, minitemple, serial_park_tiny_1, uniq_grinder

Skill      XL: |  1  2  3  4  5 |
---------------+----------------+-----
Dodging        | 2 3 |  3.2
Fighting       | 3 |  3.9
Long Blades    | 4 5 |  5.2
Spellcasting   | |  2.5
Conjurations   | |  3.4

Action                     |  1- 3 |  4- 6 || total
---------------------------+-------+-------++-------
  Melee: Falchion          |    95 |       ||    95
         Tailslap          |    13 |    23 ||    36
         Dagger            |    49 |   193 ||   242
         Punch             |     2 |       ||     2
         Great sword       |       |    11 ||    11
  Throw: Dart              |       |     4 ||     4
    Use: Potion            |       |     2 ||     2
 Armour: Skin              |    68 |    72 ||   140
  Dodge: Dodged            |    97 |   112 ||   209

Table legend: (Time is in decaauts)
 A = Elapsed time spent in this place.
 B = Non-inter-level travel time spent in this place.
 C = Inter-level travel time spent in this place.
 D = Time resting spent in this place.
 E = Time spent auto-exploring this place.
 F = Levels seen in this place.
 G = Mean time per level.
                   A        B        C        D        E       F      G
               +--------+--------+--------+--------+--------+-----+--------+
         Total |   3906 |   3837 |     69 |      1 |   3120 |   5 |  781.2 |
       Dungeon |   3906 |   3837 |     69 |      1 |   3120 |   5 |  781.2 |
               +--------+--------+--------+--------+--------+-----+--------+

Top non-repeatable levels by time:
     D:4: 1148 daAuts
     D:2: 1090 daAuts
     D:3: 792 daAuts
     D:1: 737 daAuts
     D:5: 137 daAuts
